General information
- name: BNet
- type: Ladder team game (AT/RT)
- host: Battle.net
- saver: lllove
map: Deadlock
- players: 8
- length: 18:46
- speed: Fast
- version: 1.26 W3XP
- replay type: Public
» download(137 KB)
Players
team 1 (winner)
Jungscher.Iltis (
teal | 64 APM | 1207 actions | 18:46)
4 Death Knight
2 Death Coil
2 Unholy Aura
4 Lich
2 Frost Nova
2 Frost Armor
» actions
| Assign group hotkey | 26 | |
| Basic commands | 3 | |
| Build / train | 73 | |
| Enter build submenu | 19 | |
| Enter hero's abilities submenu | 9 | |
| Give item / drop item | 1 | |
| Remove unit from queue | 1 | |
| Right click | 532 | |
| Select / deselect | 231 | |
| Select group hotkey | 223 | |
| Use ability | 89 | |
1207 total
» units
| Acolyte | 9 | |
| Ghoul | 10 | |
| Frost Wyrm | 12 | |
31 total
» upgrades
| Cannibalize | 0 | |
| Creature Attack | 3 | |
| Creature Carapace | 3 | |
| Freezing Breath | 1 | |
7 total
» buildings
| Crypt | 1 | |
| Ziggurat | 9 | |
| Graveyard | 1 | |
| Altar of Darkness | 1 | |
| Tomb of Relics | 1 | |
| Halls of the Dead | 1 | |
| Spirit Tower | 7 | |
| Necropolis | 1 | |
| Black Citadel | 1 | |
| Sacrificial Pit | 1 | |
| Boneyard | 3 | |
27 total
» build order
00:08 Crypt
00:11 Ziggurat
00:46 Graveyard
01:03 Altar of Darkness
01:40 Ziggurat
02:06 Tomb of Relics
04:30 Ziggurat
04:32 Ziggurat
04:53 Ziggurat
05:23 Halls of the Dead
05:46 Spirit Tower
05:48 Spirit Tower
06:23 Ziggurat
06:25 Ziggurat
06:27 Necropolis
06:34 Spirit Tower
06:36 Spirit Tower
06:52 Spirit Tower
07:36 Spirit Tower
07:49 Black Citadel
08:35 Ziggurat
08:38 Ziggurat
08:43 Sacrificial Pit
10:25 Boneyard
10:27 Boneyard
10:28 Boneyard
11:23 Spirit Tower
» items
| Rod of Necromancy | 3 | |
| Sacrificial Skull | 1 | |
| Healing Salve | 1 | |
| Potion of Healing | 3 | |
| Orb of Corruption | 1 | |
| Scroll of Town Portal | 2 | |
| Lesser Clarity Potion | 1 | |
12 total
bmwm5 (
pink | 71 APM | 1335 actions | 18:46)
5 Blademaster
3 Wind Walk
2 Critical Strike
4 Shadow Hunter
1 Hex
2 Healing Wave
1 Serpent Ward
2 Tauren Chieftain
1 Endurance Aura
1 War Stomp
» actions
| Assign group hotkey | 38 | |
| Basic commands | 6 | |
| Build / train | 81 | |
| Enter build submenu | 18 | |
| Enter hero's abilities submenu | 11 | |
| Give item / drop item | 3 | |
| Right click | 372 | |
| Select / deselect | 236 | |
| Select group hotkey | 485 | |
| Use ability | 85 | |
1335 total
» units
| Peon | 12 | |
| Spirit Walker | 2 | |
| Shaman | 4 | |
| Raider | 3 | |
| Tauren | 3 | |
| Troll Witch Doctor | 1 | |
| Kodo Beast | 1 | |
26 total
» upgrades
| Spiked Barricades | 1 | |
| Shaman Training | 2 | |
| Spirit Walker Training | 2 | |
| Witch Doctor Training | 2 | |
| Ensnare | 1 | |
| Armor | 1 | |
| Pulverize | 1 | |
| Pillage | 1 | |
| War Drums Damage Increase | 1 | |
12 total
» buildings
| Altar of Storms | 1 | |
| Orc Burrow | 7 | |
| War Mill | 1 | |
| Voodoo Lounge | 1 | |
| Stronghold | 3 | |
| Watch Tower | 1 | |
| Fortress | 1 | |
| Spirit Lodge | 2 | |
| Beastiary | 1 | |
| Tauren Totem | 1 | |
| Great Hall | 1 | |
20 total
» build order
00:27 Altar of Storms
00:36 Orc Burrow
01:12 War Mill
01:26 Voodoo Lounge
02:12 Orc Burrow
02:49 Stronghold
02:50 Stronghold
03:14 Watch Tower
04:22 Orc Burrow
05:14 Fortress
06:02 Spirit Lodge
06:04 Spirit Lodge
07:25 Beastiary
07:28 Orc Burrow
08:16 Tauren Totem
09:20 Great Hall
13:23 Orc Burrow
14:44 Orc Burrow
16:41 Orc Burrow
» items
| Healing Salve | 2 | |
| Circlet of Nobility | 1 | |
| Boots of Speed | 1 | |
| Orb of Lightning | 1 | |
| Scroll of Speed | 3 | |
| Potion of Healing | 3 | |
| Scroll of Town Portal | 3 | |
| Potion of Mana | 1 | |
15 total
lllove (
yellow | 58 APM | 1091 actions | 18:46)
5 Blood Mage
3 Flame Strike
2 Siphon Mana
» actions
| Assign group hotkey | 25 | |
| Basic commands | 6 | |
| Build / train | 87 | |
| Enter build submenu | 29 | |
| Enter hero's abilities submenu | 5 | |
| Give item / drop item | 1 | |
| Right click | 479 | |
| Select / deselect | 244 | |
| Select group hotkey | 113 | |
| Use ability | 102 | |
1091 total
» units
| Peasant | 21 | |
| Footman | 6 | |
| Sorceress | 5 | |
32 total
» upgrades
| Lumber Harvesting | 1 | |
| Masonry | 2 | |
| Sorceress Training | 1 | |
| Magic Sentry | 1 | |
5 total
» buildings
| Scout Tower | 15 | |
| Altar of Kings | 1 | |
| Barracks | 2 | |
| Farm | 4 | |
| Arcane Tower | 4 | |
| Keep | 1 | |
| Arcane Vault | 2 | |
| Lumber Mill | 1 | |
| Town Hall | 1 | |
| Guard Tower | 4 | |
| Arcane Sanctum | 1 | |
| Castle | 1 | |
37 total
» build order
00:27 Scout Tower
00:43 Altar of Kings
00:44 Barracks
00:50 Farm
00:54 Barracks
01:04 Farm
01:31 Farm
02:00 Farm
02:09 Arcane Tower
02:10 Arcane Tower
03:36 Keep
03:53 Arcane Vault
03:56 Arcane Vault
04:00 Lumber Mill
04:43 Town Hall
04:46 Scout Tower
04:46 Scout Tower
04:47 Scout Tower
05:42 Scout Tower
05:42 Scout Tower
05:43 Scout Tower
05:44 Scout Tower
05:45 Scout Tower
05:46 Scout Tower
05:51 Guard Tower
06:57 Guard Tower
07:34 Arcane Sanctum
07:59 Guard Tower
08:42 Scout Tower
08:44 Scout Tower
08:46 Scout Tower
09:37 Arcane Tower
12:54 Guard Tower
12:59 Scout Tower
14:35 Castle
» items
| Boots of Speed | 1 | |
| Potion of Healing | 5 | |
| Scroll of Regeneration | 4 | |
| Potion of Mana | 6 | |
| Lesser Clarity Potion | 5 | |
| Mechanical Critter | 4 | |
| Scroll of Town Portal | 5 | |
| Staff of Teleportation | 1 | |
| Periapt of Vitality | 1 | |
| Potion of Invisibility | 2 | |
34 total
Warriar (
purple | 37 APM | 695 actions | 18:46)
4 Keeper of the Grove
1 Force of Nature
2 Thorns Aura
1 Entangling Roots
» actions
| Assign group hotkey | 19 | |
| Basic commands | 108 | |
| Build / train | 66 | |
| Enter build submenu | 14 | |
| Enter hero's abilities submenu | 4 | |
| Give item / drop item | 1 | |
| Right click | 62 | |
| Select / deselect | 175 | |
| Select group hotkey | 208 | |
| Use ability | 38 | |
695 total
» units
| Wisp | 16 | |
| Archer | 9 | |
| Hippogryph | 8 | |
| Chimaera | 6 | |
39 total
» upgrades
| Improved Bows | 1 | |
| Hippogryph Taming | 1 | |
| Marksmanship | 1 | |
| Well Spring | 1 | |
| Corrosive Breath | 1 | |
| Strength of the Wild | 3 | |
| Strength of the Moon | 1 | |
| Reinforced Hides | 3 | |
| Ultravision | 1 | |
| Moon Armor | 1 | |
14 total
» buildings
| Moon Well | 7 | |
| Altar of Elders | 1 | |
| Ancient of War | 1 | |
| Tree of Ages | 1 | |
| Hunter's Hall | 1 | |
| Tree of Eternity | 1 | |
| Ancient of Wind | 1 | |
| Ancient of Wonders | 1 | |
| Tree of Life | 1 | |
| Chimaera Roost | 1 | |
16 total
» build order
00:21 Moon Well
00:34 Altar of Elders
01:19 Ancient of War
01:33 Moon Well
01:51 Moon Well
02:42 Tree of Ages
04:08 Hunter's Hall
05:11 Tree of Eternity
05:16 Ancient of Wind
05:23 Ancient of Wonders
06:44 Moon Well
06:47 Moon Well
07:09 Tree of Life
08:15 Chimaera Roost
11:48 Moon Well
11:50 Moon Well
» items
| Scroll of Town Portal | 4 | |
| Periapt of Vitality | 2 | |
6 total
team 2 (loser)

»
Trig47ga (
orange | 58 APM | 1030 actions | 17:43)
2 Mountain King
1 Storm Bolt
1 Bash
» actions
| Basic commands | 7 | |
| Build / train | 77 | |
| Enter build submenu | 32 | |
| Enter hero's abilities submenu | 2 | |
| Remove unit from queue | 3 | |
| Right click | 572 | |
| Select / deselect | 279 | |
| Use ability | 58 | |
1030 total
» units
| Peasant | 25 | |
| Footman | 7 | |
| Rifleman | 8 | |
40 total
» upgrades
| Masonry | 3 | |
| Long Rifles | 1 | |
| Gunpowder | 2 | |
| Armor | 1 | |
| Barrage | 1 | |
8 total
» buildings
| Farm | 8 | |
| Altar of Kings | 1 | |
| Barracks | 2 | |
| Scout Tower | 12 | |
| Arcane Tower | 2 | |
| Lumber Mill | 1 | |
| Guard Tower | 9 | |
| Arcane Vault | 1 | |
| Keep | 1 | |
| Town Hall | 1 | |
| Blacksmith | 1 | |
| Workshop | 2 | |
| Castle | 1 | |
42 total
» build order
00:22 Farm
00:25 Farm
00:31 Altar of Kings
01:12 Barracks
01:49 Scout Tower
02:05 Farm
02:20 Arcane Tower
02:23 Lumber Mill
02:33 Scout Tower
02:48 Farm
03:06 Farm
03:29 Farm
03:31 Guard Tower
03:45 Scout Tower
04:07 Farm
04:47 Guard Tower
05:02 Arcane Vault
05:49 Farm
06:14 Keep
06:58 Town Hall
07:26 Blacksmith
08:58 Barracks
10:39 Scout Tower
10:41 Scout Tower
10:43 Scout Tower
10:44 Scout Tower
12:08 Workshop
12:14 Arcane Tower
12:15 Guard Tower
12:48 Castle
13:22 Scout Tower
13:24 Scout Tower
14:00 Guard Tower
14:00 Guard Tower
14:08 Guard Tower
15:18 Guard Tower
15:19 Guard Tower
15:40 Workshop
16:35 Scout Tower
16:36 Scout Tower
16:39 Scout Tower
» items
| Scroll of Regeneration | 2 | |
| Lesser Clarity Potion | 2 | |
| Scroll of Town Portal | 2 | |
| Ivory Tower | 4 | |
10 total
maxinvasion (
red | 41 APM | 745 actions | 18:21)
4 Tauren Chieftain
2 War Stomp
2 Endurance Aura
» actions
| Basic commands | 21 | |
| Build / train | 57 | |
| Enter build submenu | 21 | |
| Enter hero's abilities submenu | 4 | |
| Right click | 301 | |
| Select / deselect | 298 | |
| Use ability | 43 | |
745 total
» units
| Peon | 21 | |
| Grunt | 7 | |
| Wind Rider | 6 | |
| Troll Batrider | 9 | |
43 total
» upgrades
| Ranged Weapons | 1 | |
| Armor | 1 | |
| Spiked Barricades | 2 | |
| Reinforced Defenses | 1 | |
5 total
» buildings
| Orc Burrow | 6 | |
| Barracks | 1 | |
| Altar of Storms | 1 | |
| Stronghold | 1 | |
| Great Hall | 2 | |
| Voodoo Lounge | 1 | |
| War Mill | 1 | |
| Beastiary | 2 | |
| Fortress | 1 | |
| Watch Tower | 5 | |
21 total
» build order
00:20 Orc Burrow
00:35 Barracks
00:50 Altar of Storms
01:13 Orc Burrow
02:46 Orc Burrow
04:24 Stronghold
04:36 Great Hall
05:08 Voodoo Lounge
05:53 Great Hall
06:12 War Mill
07:41 Beastiary
07:45 Beastiary
08:50 Orc Burrow
10:43 Orc Burrow
10:46 Fortress
11:52 Watch Tower
11:55 Watch Tower
12:11 Watch Tower
12:15 Watch Tower
13:23 Watch Tower
15:40 Orc Burrow
» items
| Boots of Speed | 1 | |
| Scroll of Regeneration | 1 | |
2 total
destroyernole (
green | 47 APM | 877 actions | 18:45)
3 Far Seer
2 Feral Spirit
1 Far Sight
» actions
| Assign group hotkey | 22 | |
| Basic commands | 8 | |
| Build / train | 45 | |
| Enter build submenu | 18 | |
| Enter hero's abilities submenu | 3 | |
| Remove unit from queue | 1 | |
| Right click | 282 | |
| Select / deselect | 202 | |
| Select group hotkey | 261 | |
| Use ability | 35 | |
877 total
» units
| Peon | 9 | |
| Grunt | 4 | |
| Troll Headhunter/Berserker | 5 | |
| Shaman | 10 | |
| Tauren | 5 | |
33 total
» upgrades
| Shaman Training | 2 | |
| Pulverize | 1 | |
| Armor | 1 | |
4 total
» buildings
| Orc Burrow | 6 | |
| Altar of Storms | 1 | |
| Barracks | 1 | |
| War Mill | 1 | |
| Stronghold | 1 | |
| Watch Tower | 1 | |
| Voodoo Lounge | 1 | |
| Spirit Lodge | 1 | |
| Fortress | 1 | |
| Tauren Totem | 1 | |
| Beastiary | 1 | |
16 total
» build order
00:08 Orc Burrow
00:11 Altar of Storms
01:52 Barracks
02:00 War Mill
02:19 Orc Burrow
03:11 Stronghold
03:38 Watch Tower
04:04 Orc Burrow
04:31 Voodoo Lounge
05:24 Orc Burrow
05:43 Spirit Lodge
06:51 Fortress
08:49 Orc Burrow
09:47 Tauren Totem
10:38 Orc Burrow
12:36 Beastiary
» items
Chevy (
blue | 62 APM | 1136 actions | 18:22)
3 Mountain King
2 Storm Bolt
1 Bash
2 Paladin
1 Holy Light
1 Divine Shield
» actions
| Assign group hotkey | 15 | |
| Basic commands | 23 | |
| Build / train | 84 | |
| ESC pressed | 2 | |
| Enter build submenu | 28 | |
| Enter hero's abilities submenu | 5 | |
| Remove unit from queue | 2 | |
| Right click | 516 | |
| Select / deselect | 223 | |
| Select group hotkey | 181 | |
| Use ability | 57 | |
1136 total
» units
| Peasant | 27 | |
| Footman | 6 | |
| Rifleman | 6 | |
| Spell Breaker | 3 | |
| Sorceress | 6 | |
48 total
» upgrades
| Plating | 2 | |
| Masonry | 1 | |
| Swords | 1 | |
| Lumber Harvesting | 1 | |
| Magic Sentry | 1 | |
| Gunpowder | 1 | |
| Long Rifles | 1 | |
8 total
» buildings
| Altar of Kings | 1 | |
| Farm | 7 | |
| Barracks | 2 | |
| Scout Tower | 13 | |
| Arcane Vault | 2 | |
| Arcane Tower | 4 | |
| Blacksmith | 1 | |
| Lumber Mill | 1 | |
| Keep | 1 | |
| Town Hall | 1 | |
| Guard Tower | 5 | |
| Castle | 1 | |
| Arcane Sanctum | 1 | |
40 total
» build order
00:13 Altar of Kings
00:28 Farm
01:19 Barracks
01:32 Farm
01:39 Scout Tower
02:10 Arcane Vault
02:15 Arcane Tower
02:47 Farm
03:36 Scout Tower
03:58 Blacksmith
04:04 Arcane Tower
04:12 Lumber Mill
04:24 Farm
06:28 Scout Tower
06:30 Scout Tower
07:10 Arcane Tower
07:34 Arcane Tower
07:49 Keep
08:19 Scout Tower
08:21 Scout Tower
08:23 Scout Tower
08:36 Town Hall
08:39 Scout Tower
08:41 Scout Tower
08:43 Scout Tower
08:46 Scout Tower
08:49 Scout Tower
08:53 Arcane Vault
08:55 Farm
09:13 Barracks
09:55 Guard Tower
10:10 Castle
10:15 Arcane Sanctum
10:45 Guard Tower
11:47 Guard Tower
12:33 Guard Tower
14:55 Farm
14:57 Farm
15:00 Scout Tower
15:05 Guard Tower
» items
| Scroll of Regeneration | 3 | |
| Lesser Clarity Potion | 3 | |
| Scroll of Town Portal | 1 | |
| Orb of Fire | 1 | |
8 total
Chat log
(00:16 / Allies) Warriar: gg
(00:19 / Allies) lllove: hes back
(00:26 / Allies) Warriar: so
(00:27 / Allies) Warriar: gg
(00:33 / Allies) lllove: he was like 5 secs late
(00:36 / Allies) Jungscher.Iltis: 100
(00:45 / Allies) Warriar: goodluck
(02:10 / All) destroyernole: plans?
(02:16 / All) Jungscher.Iltis: kill u
(02:21 / Allies) lllove: hes your mate
(02:34 / Allies) Jungscher.Iltis: ?
(02:36 / Allies) lllove: ally
(02:40 / Allies) Jungscher.Iltis: no
(02:50 / Allies) lllove: you gon tk?
(02:55 / Allies) Jungscher.Iltis: oh
(03:11 / Allies) Jungscher.Iltis: colours
(04:47 / Allies) Jungscher.Iltis: tower noob
(06:17 / All) Jungscher.Iltis: NOOBS
(07:36 / All) maxinvasion: tech harder guys
(07:46 / All) Jungscher.Iltis: Get expand :D
(08:24 / All) Jungscher.Iltis: SORROUND ME NOOBS
(09:15 / Allies) Jungscher.Iltis: gj
(10:16 / Allies) Jungscher.Iltis: gj
(10:29 / All) lllove: lucky bash faggot
(16:00 / All) maxinvasion: smells like to much map hacking
(16:11 / All) Jungscher.Iltis: Smells like crying
(17:12 / Allies) Jungscher.Iltis: MAIN
(17:15 / Allies) Jungscher.Iltis: M;AIN
(17:17 / Allies) Jungscher.Iltis: MAIN
(17:23 / Allies) bmwm5: smell like oj nob
(17:33 / Allies) Jungscher.Iltis: tp all?
(17:36 / Allies) bmwm5: tp?
(17:37 / Allies) bmwm5: y
(17:38 / Allies) Warriar: let hi m die
(17:42 / Allies) Jungscher.Iltis: GO ALL
(17:42 / Allies) Warriar: he been fuikin off
(17:43 / Allies) lllove: nah
(17:45 / Allies) bmwm5: tp
(17:46 / Allies) Jungscher.Iltis: ALL
(17:46 / Allies) lllove: tp at purples
(17:47 / Allies) Jungscher.Iltis: ALL
(17:47 / Allies) Jungscher.Iltis: ALL
(17:48 / Allies) Jungscher.Iltis: ALL
(17:49 / Allies) Jungscher.Iltis: ALL
(17:50 / Allies) Jungscher.Iltis: ALL
(17:51 / Allies) Jungscher.Iltis: ALL
(17:51 / Allies) Jungscher.Iltis: ALL
(17:53 / Allies) Warriar: playin with his hero
(17:53 / Allies) lllove: okay tpo
(18:10 / Allies) lllove: tp purple
(18:16 / Allies) lllove: tp purple
(18:19 / Allies) Warriar: let him die
(18:21 / Allies) lllove: nvm
(18:24 / Allies) lllove: they already tped dawg lol
(18:27 / Allies) Warriar: he ben playin with his hero no units
(18:29 / Allies) lllove: at that point you gotta tp
(18:42 / Allies) lllove: yeah good plan let them die 2v4 potentially lol